 Dungeon Crawl Stone Soup version 0.25.1-2-g60ff931df9 (webtiles) character file.

Game seed: 12780384816722475872

1703 Baltikka the Skirmisher (level 8, -2/73 HPs)
             Began as a Minotaur Berserker on Oct 20, 2020.
             Was a Priest of Trog.
             Shot with a sling bullet by Joseph (4 damage)
             ... on level 7 of the Dungeon.
             The game lasted 00:31:09 (4090 turns).

Baltikka the Skirmisher (Minotaur Berserker)        Turns: 4090, Time: 00:31:09

Health: -2/73      AC: 13    Str: 25    XL:     8   Next: 73%
Magic:  2/2        EV: 11    Int:  4    God:    Trog [***...]
Gold:   196        SH:  0    Dex:  9    Spells: 7/7 levels left

rFire    + . .     SeeInvis .   F - +1 trident (antimagic)
rCold    . . .     Gourm    .   (no shield)
rNeg     . . .     Faith    .   B - +0 chain mail
rPois    .         Spirit   .   (helmet restricted)
rElec    .         Reflect  .   g - +0 cloak
rCorr    .         Harm     .   (no gloves)
MR       .....                  y - +0 pair of boots
Stlth    ..........             (no amulet)
HPRegen  0.22/turn              D - ring of fire
MPRegen  0.08/turn              J - ring of protection from cold

@: starving, hasted, very quick
A: retaliatory headbutt, horns 2
a: Berserk, Trog's Hand, Renounce Religion


You were on level 7 of the Dungeon.
You worshipped Trog.
Trog was most pleased with you.
You were starving.

You visited 1 branch of the dungeon, and saw 7 of its levels.
You also visited: Sewer.

You collected 196 gold pieces.

Inventory:

Hand Weapons
 a - a +0 hand axe
 C - a +2 morningstar
 F - a +1 antimagic trident (weapon)
Missiles
 i - 136 stones
 K - 7 silver boomerangs (quivered)
Armour
 b - a +0 animal skin
 g - a +0 cloak (worn)
 n - a +2 helmet
 o - a +0 leather armour
 v - a +0 scale mail
 y - a +0 pair of boots (worn)
 B - a +0 chain mail (worn)
Jewellery
 k - a +6 ring of intelligence {unknown}
 D - a ring of fire (left hand)
 J - a ring of protection from cold (right hand)
Wands
 G - a wand of iceblast (5)
Scrolls
 d - a scroll of blinking {unknown}
 f - a scroll of remove curse
 h - 3 scrolls of identify
 m - a scroll of noise
 r - a scroll of random uselessness
 t - a scroll of fog {unknown}
 E - a scroll of enchant weapon {unknown}
 H - a scroll of magic mapping {unknown}
Potions
 e - 2 potions of brilliance {unknown}
 j - 5 potions of haste
 l - a potion of heal wounds {unknown}
 q - 2 potions of lignification {unknown}
 s - a potion of invisibility {unknown}
 x - a potion of might {unknown}
 z - a potion of mutation {unknown}
 A - a potion of magic {unknown}
 L - 2 potions of curing {unknown}
Comestibles
 c - 2 rations


   Skills:
 + Level 7.6 Fighting
 - Level 6.6(7.3) Axes
 * Level 4.6(6.3) Polearms
 + Level 6.7 Armour
 + Level 6.1 Dodging


You had 7 spell levels left.
You didn't know any spells.
Your spell library contained the following spells:

 Spells                   Type           Power        Failure   Level  Hunger
 Confusing Touch          Hex            #.......     100%        3    ####...
 Gell's Gravitas          Tloc           #.........   100%        3    ####...
 Petrify                  Tmut/Erth      #.......     100%        4    #####..
 Metabolic Englaciation   Hex/Ice        #.........   100%        5    ######.
 Yara's Violent Unravell  Hex/Tmut       #.........   100%        5    ######.


Dungeon Overview and Level Annotations

Branches:
Dungeon (7/15)              Sewer (visited)
 Temple: D:4-7

Altars:
Cheibriados
Dithmenos
Elyvilon
Qazlal
Trog
Vehumet

Annotations:
D:7 Joseph


Innate Abilities, Weirdness & Mutations

You reflexively headbutt those who attack you in melee.
You have a pair of horns on your head.


Message History

* * * LOW HITPOINT WARNING * * *
Your surroundings seem slightly different.
You hear a shout!
Joseph, a Mercenary comes into view.
He is wielding a +0 quarterstaff.
Your skin stops crawling.
You feel less resistant to hostile enchantments.
Joseph shouts!
An orc comes into view. It is wielding a +0 dagger.
You feel yourself speed up.
Found an encrusted glass ring and a scroll of identify.
You feel yourself speed up.
The orc priest mumbles some strange prayers to Beogh against you.
Pain shoots through your body!
* * * LOW HITPOINT WARNING * * *
The orc shouts!
You recover from your berserk rage.
The orc's inner flame fades away.
Joseph unwields a +0 quarterstaff.
Joseph wields a +0 hunting sling.
Joseph shoots a sling bullet.
The sling bullet hits you.
You die...

#......###.#
#.......#.#
#........#
#.#.o....#
##.o..[<#)#
#.@##.###)#
#..##.# #.#
#o.##.# #.#
#.@##.# #.#
#..##.# #.#
#..# #.#
#..# #.#
#o.. ...
#..## ...
#... ..[..
#.## ##?..
#.. ..###


You could see Joseph, an orc priest and 2 orcs.

Vanquished Creatures
  A hungry ghost (D:7)
  An ice beast (D:5)
  The ghost of Ivernyr the Digger, an amateur TrEE of Cheibriados (D:4)
  3 ogres
  2 bullfrogs (D:6)
  6 big kobolds (Sewer)
  3 wights (D:4)
  A centaur zombie (D:7)
  A hound (D:5)
  4 orc priests
  Ijyb (D:5)
  A worker ant (D:5)
  A bullfrog simulacrum (D:4)
  A centaur simulacrum (D:4)
  A howler monkey zombie (D:7)
  4 adders
  A gnoll (D:1)
  2 river rats (Sewer)
  A white imp (D:4)
  3 oozes (Sewer)
  An adder skeleton (D:6)
  5 worms
  5 leopard geckos
  14 orcs
  4 ball pythons (Sewer)
  5 giant cockroaches
  6 hobgoblins
  12 jackals
  7 bats
  5 frilled lizards
  A giant cockroach simulacrum (D:4)
  A jackal skeleton (D:5)
  13 kobolds
  A leopard gecko simulacrum (D:4)
  2 quokka simulacra (D:4)
  10 rats
131 creatures vanquished.

Notes
Turn   | Place    | Note
-------+----------+-------------------------------------------
     0 | D:1      | Baltikka the Minotaur Berserker began the quest for the
                  | Orb.
     0 | D:1      | Reached XP level 1. HP: 19/19 MP: 0/0
   186 | D:1      | Reached XP level 2. HP: 27/27 MP: 1/1
   209 | D:1      | Reached skill level 4 in Fighting
   657 | D:2      | Reached XP level 3. HP: 34/34 MP: 2/2
   729 | D:2      | Found a bloodstained altar of Trog.
   734 | D:2      | Reached ** piety under Trog
  1117 | D:3      | Reached XP level 4. HP: 41/41 MP: 3/3
  1238 | D:3      | Found a glowing drain.
  1243 | Sewer    | Entered a sewer
  1266 | Sewer    | Noticed a big kobold
  1271 | Sewer    | Killed a big kobold
  1271 | Sewer    | Reached XP level 5. HP: 45/47 MP: 4/4
  1383 | Sewer    | Reached skill level 5 in Fighting
  1383 | Sewer    | Reached skill level 5 in Axes
  1638 | Sewer    | Reached XP level 6. HP: 51/56 MP: 5/5
  1748 | Sewer    | Reached *** piety under Trog
  1895 | Sewer    | Reached skill level 6 in Fighting
  1895 | Sewer    | Reached XP level 7. HP: 52/63 MP: 6/6
  2210 | D:4      | Reached skill level 5 in Armour
  2295 | D:4      | Found a runed translucent gate.
  2295 | D:4      | Found a runed translucent gate.
  2298 | D:4      | Found a runed translucent gate.
  2339 | D:4      | Noticed Ivernyr's ghost (amateur TrEE)
  2354 | D:4      | Killed Ivernyr's ghost
  2441 | D:4      | Reached skill level 5 in Dodging
  2707 | D:4      | Found a snail-covered altar of Cheibriados.
  2718 | D:4      | Found a stormy altar of Qazlal.
  2939 | D:5      | Entered Level 5 of the Dungeon
  2993 | D:5      | Reached skill level 1 in Polearms
  2993 | D:5      | Reached XP level 8. HP: 32/71 MP: 2/7
  3216 | D:5      | Reached skill level 7 in Fighting
  3400 | D:5      | Noticed Ijyb
  3410 | D:5      | Killed Ijyb
  3592 | D:6      | Found a shadowy altar of Dithmenos.
  3877 | D:6      | Found a white marble altar of Elyvilon.
  3914 | D:6      | Found a radiant altar of Vehumet.
  3921 | D:6      | Reached **** piety under Trog
  4075 | D:7      | Noticed Joseph
  4081 | D:7      | HP: 1/73 [orc priest/nerve-wracking pain (10)]
  4090 | D:7      | Shot with a sling bullet by Joseph

Illustrated notes

Levels and vault maps discovered:
D:1:      lightli_arrival_statue_moat, layout_rooms
D:2:      layout_basic, yredelemnul_forgotten_temple_becter,
          fedhas_ov_isle_minmay, bloody_trog
D:3:      layout_basic, gup_sewer_entry_bowl, minmay_ruptured
D:4:      layout_loops_ring, lemuel_crystal_altar, first_ration,
          gammafunk_ghost_icy, cheibriados_altar_1
D:5:      layout_loops_ring, tgw_kikubaaqudgha, uniq_ijyb
D:6:      layout_gridville, lemuel_round_altar, kennysheep_mini,
          lemuel_crystal_altar, basic_altar
D:7:      layout_loops_ring, nicolae_overflow_hidden_temple,
          minmay_temple_entry_gardened_gates, uniq_joseph, uniq_pikel

Skill      XL: |  1  2  3  4  5  6  7  8 |
---------------+-------------------------+-----
Fighting       | 4 5 6 7 |  7.6
Axes           | 4 5 6 |  6.6
Armour         | 3 4 5 6 |  6.7
Dodging        | 3 4 5 6 |  6.1
Polearms       | 1 4 |  4.6

Action                   |  1- 3 |  4- 6 |  7- 9 || total
-------------------------+-------+-------+-------++-------
Melee: Hand axe          |    76 |   145 |    86 ||   307
       Headbutt          |    13 |    22 |    27 ||    62
       Trident           |       |       |    85 ||    85
Invok: Berserk           |     1 |       |     2 ||     3
       Trog's Hand       |       |       |     2 ||     2
  Use: Scroll            |     2 |       |     9 ||    11
       Potion            |       |       |     1 ||     1
  Eat: Chunk             |       |     2 |     2 ||     4
       Ration            |       |     1 |     2 ||     3
Armor: Animal skin       |     5 |       |       ||     5
       Leather armour    |    15 |       |       ||    15
       Scale mail        |     5 |    38 |    19 ||    62
       Chain mail        |       |       |    47 ||    47
Dodge: Dodged            |    52 |    75 |    89 ||   216
